 Dungeon Crawl Stone Soup version 0.26-a0-278-g3b0d5afba5 (webtiles) character file.

Game seed: 10077079933859626126

172 AvylaarBelgium the Magician (level 5, -1/28 HPs)
             Began as a Deep Elf Air Elementalist on July 12, 2020.
             Slain by a human (7 damage)
             ... on level 3 of the Dungeon.
             The game lasted 00:05:56 (1452 turns).

AvylaarBelgium the Magician (DEAE)                  Turns: 1452, Time: 00:05:57

Health: -1/28      AC:  2    Str:  5    XL:     5   Next: 27%
Magic:  12/14      EV: 17    Int: 21    God:
Gold:   218        SH:  0    Dex: 15    Spells: 7/13 levels left

rFire    . . .     SeeInvis .   t - +0 mace
rCold    . . .     Faith    .   (no shield)
rNeg     . . .     Spirit   .   a - +0 robe
rPois    .         Reflect  .   (no helmet)
rElec    .         Harm     .   (no cloak)
rCorr    .         Rnd*Tele +   (no gloves)
MR       .....                  (no boots)
Stlth    ++........             (no amulet)
HPRegen  0.09/turn              n - ring of teleportation (curse)
MPRegen  0.14/turn              r - +4 ring of evasion

@: no status effects
A: no striking features
a: no special abilities


You were on level 3 of the Dungeon.
You visited 1 branch of the dungeon, and saw 3 of its levels.

You collected 218 gold pieces.

Inventory:

Hand Weapons
 t - a +0 mace (weapon)
Missiles
 p - 10 poisoned darts (quivered)
Armour
 a - a +0 robe (worn)
Jewellery
 n - a cursed ring of teleportation (left hand)
 r - a +4 ring of evasion (right hand)
Scrolls
 b - a scroll of remove curse {unknown}
 d - a scroll of noise {unknown}
 f - 4 scrolls of identify {unknown}
 g - a scroll of amnesia {unknown}
 i - a scroll of teleportation {unknown}
 o - a scroll of enchant weapon {unknown}
Potions
 c - 3 potions of berserk rage {unknown}
 e - 3 potions of flight {unknown}
 h - a potion of stabbing {unknown}
 j - a potion of heal wounds {unknown}
 k - a potion of curing
 l - a potion of cancellation {unknown}
 m - a potion of ambrosia {unknown}
 q - a potion of resistance {unknown}


   Skills:
 - Level 2.4 Dodging
 - Level 2.4 Stealth
 + Level 4.9 Spellcasting
 + Level 3.3 Conjurations
 + Level 4.2 Air Magic


You had 7 spell levels left.
You knew the following spells:

 Your Spells              Type           Power        Failure   Level
a - Shock                 Conj/Air       ###.         2%          1
b - Swiftness             Chrm/Air       ##......     7%          2
c - Static Discharge      Conj/Air       ###.....     7%          3

Your spell library contained the following spells:

 Spells                   Type           Power        Failure   Level
 Airstrike                Air            ###.......   19%         4
 Lightning Bolt           Conj/Air       ###.......   54%         5


Dungeon Overview and Level Annotations

Branches:
Dungeon (3/15)

Altars:
Ru
Yredelemnul

Annotations:
D:2 Sigmund


Message History

Confirm with . or Enter, or press ? or * to list all spells.
The spell is quite dangerous to cast (7% risk of failure)!
Continue anyway? [Y]es or [N]o only, please.
The spell is quite dangerous to cast (7% risk of failure)!
Continue anyway?
Uppercase [Y]es or [N]o only, please.
The spell is quite dangerous to cast (7% risk of failure)!
Continue anyway?
The human is struck by an arc of lightning!
The human is severely wounded.
You are struck by an arc of lightning.
The human is struck by an arc of lightning.
The human is severely wounded.
The lightning grounds out.
The human hits you!
* * * LOW HITPOINT WARNING * * *
Press: ? - help, . - travel You can't see that place. [a rock wall.] Unknown command.
Unknown command.
The human hits you!
You die...

# #.....##.##....##.# #
#.....##.##.##.##.# #
#.....##.......##.# #
#.....###.#.......# # #.....#
#.##...#### # ###.### #.##.#.# #
####.### #.##.#.# # #......#
#..p...# # #.##)#.#
####@################ ####.#....#
#.....<##..........#
.......#..####.#.##.##.##...$...#
###............#.##(##.###.....##
#.........#................###.#.
#.......>...##..#.#..#.##..#.'.#.
#........#####..#.#..#>....###.#.
###......# #.......####......##
#........ ...#.##.# ##......#


You could see a human.

Vanquished Creatures
  Terence (D:2)
  2 orc wizards
  3 adders
  An ooze (D:3)
  3 dart slugs
  A leopard gecko (D:3)
  4 orcs (D:3)
  3 ball pythons
  4 giant cockroaches
  6 goblins
  7 hobgoblins
  7 kobolds
  2 quokkas
  5 bats
  4 frilled lizards
  A rat (D:1)
54 creatures vanquished.

Notes
Turn   | Place    | Note
-------+----------+-------------------------------------------
     0 | D:1      | AvylaarBelgium the Deep Elf Air Elementalist began the
                  | quest for the Orb.
     0 | D:1      | Reached XP level 1. HP: 10/10 MP: 6/6
   113 | D:1      | Reached XP level 2. HP: 11/15 MP: 0/8
   601 | D:2      | Reached XP level 3. HP: 19/19 MP: 3/10
   648 | D:2      | Found a sacrificial altar of Ru.
   648 | D:2      | Noticed Terence
   718 | D:2      | Learned a level 2 spell: Swiftness
   722 | D:2      | Learned a level 3 spell: Static Discharge
   755 | D:2      | Killed Terence
   857 | D:2      | Reached XP level 4. HP: 20/24 MP: 4/12
   963 | D:2      | Noticed Sigmund
  1205 | D:3      | Reached XP level 5. HP: 25/28 MP: 0/14
  1381 | D:3      | Found a runed translucent door.
  1382 | D:3      | Found a basalt altar of Yredelemnul.
  1382 | D:3      | Noticed a human
  1452 | D:3      | Slain by a human

Illustrated notes

Levels and vault maps discovered:
D:1:      roderic_chinese_lattice_arrival, layout_basic
D:2:      layout_rooms, nicolae_ru_great_annihilating_truth, uniq_sigmund,
          uniq_terence
D:3:      layout_loops_cross, chequers_ecumenical_altar_grove,
          dk_yredelemnul_ordeal

Skill      XL: |  1  2  3  4 |
---------------+-------------+-----
Conjurations   | 2 3 |  3.3
Spellcasting   | 4 |  4.9
Air Magic      | 4 |  4.2
Dodging        | |  2.4
Stealth        | |  2.4

Action                   |  1- 3 |  4- 6 || total
-------------------------+-------+-------++-------
Melee: Unarmed           |    26 |     5 ||    31
 Cast: Shock             |    57 |    57 ||   114
       Static Discharge  |       |     4 ||     4
Armor: Robe              |     9 |     2 ||    11
Dodge: Dodged            |    21 |    18 ||    39

Table legend:
 A = Non-vault XP
 B = Vault XP
 C = Vault XP percentage of total XP
 D = Non-vault monster count
 E = Vault monster count
 F = Vault count percentage of total count
                 A         B        C        D         E       F
            +---------+---------+-------+---------+---------+-------
      Total |     171 |      75 |  30.5 |      50 |       4 |   7.4
            +---------+---------+-------+---------+---------+-------
        D:1 |      32 |       0 |   0.0 |      18 |       0 |   0.0
        D:2 |      38 |      75 |  66.4 |      15 |       4 |  21.1
        D:3 |     101 |       0 |   0.0 |      17 |       0 |   0.0
            +---------+---------+-------+---------+---------+-------
